 Dungeon Crawl Stone Soup version 0.24.0-13-gcf9b3192b9 (webtiles) character file.

Game seed: 17463300312810716596, levelgen mode: deterministic

79 EriolAelfwine the Charmwright (level 4, -1/33 HPs)
             Began as a Merfolk Skald on Nov 10, 2019.
             Succumbed to an orc wizard's poison
             ... on level 2 of the Dungeon.
             The game lasted 00:06:05 (2329 turns).

EriolAelfwine the Charmwright (Merfolk Skald)       Turns: 2329, Time: 00:06:05

Health: -1/33      AC:  3    Str: 12    XL:     4   Next: 37%
Magic:  2/7        EV: 12    Int: 12    God:
Gold:   153        SH:  0    Dex: 13    Spells: 2/8 levels left

rFire    . . .     SeeInvis .   a - +0 spear
rCold    . . .     Gourm    .   (no shield)
rNeg     . . .     Faith    .   b - +0 leather armour
rPois    .         Spirit   .   (no helmet)
rElec    .         Reflect  .   (no cloak)
rCorr    .         Harm     .   (no gloves)
MR       .....                  (no boots)
Stlth    +.........             (no amulet)
HPRegen  0.11/turn              (no ring)
MPRegen  0.10/turn              (no ring)

@: lethally poisoned (-1 -> -29), very slightly contaminated
A: change form in water, swift swim, stealthy swim
a: no special abilities


You were on level 2 of the Dungeon.
You were not hungry.

You visited 1 branch of the dungeon, and saw 3 of its levels.

You collected 153 gold pieces.

Inventory:

Hand Weapons
 a - a +0 spear (weapon)
Armour
 b - a +0 leather armour (worn)
 o - a +0 ring mail
Scrolls
 c - a scroll of noise {unknown}
 e - 2 scrolls of magic mapping {unknown}
 g - a scroll of teleportation {unknown}
 i - 4 scrolls of identify {unknown}
 k - a scroll of remove curse {unknown}
 n - 3 scrolls of immolation {unknown}
 p - a scroll of blinking {unknown}
 q - a scroll of amnesia {unknown}
Potions
 f - a potion of berserk rage {unknown}
 h - a potion of magic {unknown}
 j - a potion of flight {unknown}
 l - a potion of lignification {unknown}
 m - a potion of agility {unknown}
 s - a potion of curing {unknown}
Comestibles
 d - 9 rations
 r - 2 chunks of flesh


   Skills:
 - Level 2.1 Fighting
 - Level 3.0 Polearms
 - Level 0.6 Armour
 - Level 2.6 Dodging
 + Level 2.6 Spellcasting
 + Level 0.8 Hexes
 * Level 4.5 Charms
 + Level 1.0 Translocations


You had 2 spell levels left.
You knew the following spells:

 Your Spells              Type           Power        Failure   Level  Hunger
a - Infusion              Chrm           ##..         4%          1    #......
b - Shroud of Golubria    Chrm/Tloc      #.....       16%         2    ###....
c - Spectral Weapon       Hex/Chrm       #.......     32%         3    ###....

Your spell library contained the following spells:

 Spells                   Type           Power        Failure   Level  Hunger
 Song of Slaying          Chrm           ##......     8%          2    ###....
 Regeneration             Chrm/Necr      #.........   36%         3    ###....


Dungeon Overview and Level Annotations

Branches:
Dungeon (3/15)

Altars:
Vehumet


Message History

You feel sick. Something hits you but does no damage.
You are more poisoned.
The kobold closely misses you.
The orc priest looks braver for a moment.
You hit the orc priest.
You kill the orc priest!
Your Translocations skill increases to level 1!
You have reached level 4!
You feel sick. Something hits you.
* * * LOW HITPOINT WARNING * * *
You are more poisoned.
The kobold hits you.
* * * LOW HITPOINT WARNING * * *
* * * LOW HITPOINT WARNING * * *
You feel sick. The kobold hits you but does no damage.
Things that are here:
a +0 club; a kobold corpse
* * * LOW HITPOINT WARNING * * *
You feel very sick.
You die...

#.....# #.......# #..
#.....###.......# #..
#.......#.......# #..
#######.........# #..
#........##'### ###
#.##....###.##############
#.##'##...................
#.....######.#############
#...(....@.{K).......<...#
#.....##################.#
#.....##.### #............
#.....##...# #............
#.....##.#.# #............
##....##.#.# #............
#....##.#.# #...........#
#....##<#.# #########'###
#....####.# ########'###


You could see a kobold.

Vanquished Creatures
  An orc priest (D:2)
  A worm (D:3)
  2 dart slugs
  A leopard gecko (D:1)
  A ball python (D:2)
  7 bats
  2 giant cockroaches (D:1)
  3 goblins
  5 hobgoblins
  2 jackals (D:1)
  A quokka (D:2)
  2 frilled lizards (D:1)
  8 kobolds
  4 rats
40 creatures vanquished.

Notes
Turn   | Place    | Note
-------+----------+-------------------------------------------
     0 | D:1      | EriolAelfwine the Merfolk Skald began the quest for the
                  | Orb.
     0 | D:1      | Reached XP level 1. HP: 16/16 MP: 3/3
   455 | D:1      | Reached XP level 2. HP: 22/22 MP: 5/5
   463 | D:1      | Learned a level 2 spell: Shroud of Golubria
   762 | D:1      | Reached skill level 4 in Charms
  1063 | D:1      | Reached XP level 3. HP: 21/27 MP: 6/6
  1070 | D:1      | Learned a level 3 spell: Spectral Weapon
  1697 | D:2      | Found a radiant altar of Vehumet.
  2326 | D:2      | Reached skill level 1 in Translocations
  2326 | D:2      | Reached XP level 4. HP: 12/33 MP: 2/7
  2328 | D:2      | HP: 1/33 [poisoned by an orc wizard]
  2329 | D:2      | Succumbed to an orc wizard's poison

Levels and vault maps discovered:
D:1:      saegor_arrival_simple_c, layout_basic, st_stairs_7,
          minmay_misc_feat_x, patterned_corridor
D:2:      layout_basic, vehumet_crystals, first_ration
D:3:      layout_rooms, yredelemnul_altar_generic, grunt_gozag_statues,
          xom_redecorated

Skill      XL: |  1  2  3 |
---------------+----------+-----
Charms         | 4 |  4.5
Translocations | 1 |  1.0
Fighting       | |  2.1
Polearms       | |  3.0
Armour         | |  0.6
Dodging        | |  2.6
Spellcasting   | |  2.6
Hexes          | |  0.8

Action                   |  1- 3 |  4- 6 || total
-------------------------+-------+-------++-------
Melee: Spear             |   174 |       ||   174
 Cast: Infusion          |     8 |       ||     8
       Shroud of Golubri |     5 |       ||     5
  Eat: Chunk             |     5 |       ||     5
Armor: Leather armour    |    51 |     1 ||    52
Dodge: Dodged            |   136 |       ||   136
